 Dungeon Crawl Stone Soup version 0.22-a0-247-gbddf880 (webtiles) character file.

45258 wolfsongas the Quickloader (level 14, -24/108 HPs)
             Began as a Gnoll Wanderer on Feb 23, 2018.
             Was an Initiate of Gozag.
             Killed from afar by an orc sorcerer (34 damage)
             ... with a bolt of fire
             ... led by an orc knight
             ... while paralysed by an orc sorcerer
             ... on level 1 of the Orcish Mines.
             The game lasted 00:34:53 (20070 turns).

wolfsongas the Quickloader (Gnoll Wanderer)        Turns: 20070, Time: 00:34:54

Health: -24/108    AC: 19    Str: 18    XL:     14   Next: 32%
Magic:  27/27      EV:  2    Int: 16    God:    Gozag
Gold:   3343       SH:  0    Dex: 17    Spells: 31/31 levels left

rFire    . . .     SeeInvis +   b - +4 demon trident (drain)
rCold    + . .     Gourm    .   m - +0 shield
rNeg     . . .     Faith    .   E - +3 scale mail {rC+}
rPois    .         Spirit   .   (helmet restricted)
rElec    .         Reflect  .   i - +0 cloak
rCorr    .         Harm     .   h - +0 pair of gloves
MR       +....     Rnd*Rage +   p - +2 pair of boots
Stlth    +++.......             (no amulet)
HPRegen  0.28/turn              c - +4 ring of dexterity
MPRegen  0.20/turn              t - ring of see invisible

@: paralysed, drained
A: distributed training, fangs 2, horns 1, slimy green scales 1, berserk 1,
sense surroundings 1, weak 1, strong nose
a: Potion Petition, Call Merchant, Bribe Branch, Renounce Religion


You were on level 1 of the Orcish Mines.
You worshipped Gozag.
Gozag was most pleased with you.
You were full.

You visited 4 branches of the dungeon, and saw 22 of its levels.

You collected 5001 gold pieces.
You paid 1658 gold pieces to Gozag.

Inventory:

Hand Weapons
 a - a +3 hand crossbow
 b - a +4 demon trident of draining (weapon)
Missiles
 x - 179 bolts
Armour
 h - a +0 pair of gloves (worn)
 i - a +0 cloak (worn)
 m - a +0 shield (worn)
 p - a +2 pair of boots (worn)
 E - a +3 scale mail of cold resistance (worn)
Jewellery
 c - a +4 ring of dexterity (left hand)
 d - an uncursed ring of protection from cold
 e - an uncursed ring of magical power
 t - a ring of see invisible (right hand)
Wands
 l - a wand of acid (6)
 q - a wand of digging (7)
 z - a wand of paralysis (49)
 B - a wand of flame (34)
Scrolls
 j - 5 scrolls of remove curse
 k - a scroll of amnesia
 o - 5 scrolls of fog
 r - 3 scrolls of identify
 u - 9 scrolls of teleportation
 v - 2 scrolls of fear
Potions
 g - 2 potions of brilliance
 w - 5 potions of flight
 C - a potion of ambrosia
 D - a potion of curing
 F - a potion of magic
Comestibles
 f - 15 rations


   Skills:
 + Level 9.3(8.2) Fighting
 + Level 9.0(7.8) Short Blades
 + Level 9.0(7.8) Long Blades
 + Level 9.0(7.8) Axes
 + Level 9.0(7.8) Maces & Flails
 + Level 9.0(7.8) Polearms
 + Level 9.0(7.8) Staves
 + Level 9.0(7.8) Slings
 + Level 9.0(7.8) Bows
 + Level 12.0(10.8) Crossbows
 + Level 9.0(7.8) Throwing
 + Level 11.0(9.7) Armour
 + Level 9.0(7.8) Dodging
 + Level 9.3(8.1) Stealth
 + Level 9.3(8.2) Shields
 + Level 9.0(7.8) Unarmed Combat
 + Level 9.0(7.8) Spellcasting
 + Level 7.5(6.3) Conjurations
 + Level 7.5(6.3) Hexes
 + Level 7.5(6.3) Charms
 + Level 7.5(6.3) Summonings
 + Level 7.5(6.3) Necromancy
 + Level 7.5(6.3) Translocations
 + Level 7.5(6.3) Transmutations
 + Level 7.5(6.3) Fire Magic
 + Level 7.5(6.3) Ice Magic
 + Level 7.5(6.3) Air Magic
 + Level 7.5(6.3) Earth Magic
 + Level 7.5(6.3) Poison Magic
 + Level 9.8(8.6) Invocations
 + Level 9.0(7.8) Evocations


You had 31 spell levels left.
You didn't know any spells.

Dungeon Overview and Level Annotations

Branches:
Dungeon (13/15)            Temple (1/1) D:5            Lair (6/6) D:9
 Shoals (0/4) Lair:3        Snake (0/4) Lair:3        Slime (0/5) Lair:5
    Orc (2/2) D:10            Elf (0/3) Orc:2
 Vaults: D:13-14

Altars:
Ashenzari
Cheibriados
Dithmenos
Elyvilon
Fedhas
Gozag
Hepliaklqana
Kikubaaqudgha
Nemelex Xobeh
Okawaru
Qazlal
Ru
Sif Muna
Trog
Vehumet
Wu Jian
Xom
Yredelemnul
Zin

Shops:
D:6 [   D:10 [   D:11 (


Innate Abilities, Weirdness & Mutations

Your experience applies equally to all skills.
You have extremely sharp teeth.
Your uncanny sense of smell can sniff out nearby items.
You have a pair of small horns on your head.
You are partially covered in slimy green scales. (AC +2)
You tend to lose your temper in combat.
You passively map a small area around you.
You are weak. (Str -2)


Message History

The ice devil freezes you! You resist. The warg bites you but does no damage.
The orc sorcerer hits you but does no damage.
The ice devil hits you but does no damage.
The warg bites you but does no damage.
The orc wizard gestures wildly while chanting.
The orc wizard flickers and vanishes for a moment.
The orc sorcerer casts a spell at you. The bolt of negative energy hits you!
You feel drained.
* * * LOW HITPOINT WARNING * * *
The ice devil hits you.
* * * LOW HITPOINT WARNING * * *
The ice devil freezes you! You resist.
* * * LOW HITPOINT WARNING * * *
The warg bites you but does no damage. The warg bites you!
* * * LOW HITPOINT WARNING * * *
The orc sorcerer points at you and mumbles some strange words.
The bolt of fire hits you!
You die...
Your body crumbles into a pile of gold.

,,,,,,,..#.....##.#..###...#.##
*,,,,,,...............#....###
*,,,,,,...........#...#....##
,,,,,,,.......[[............#*
*,,,**,##......[......#......#
*,,,,*##........[....#...#..##
,,,,**#.........(.o.##......#
*,*** *#.......hC4...#..##.##
*** ##.#...>.@oo.....#*##
##$..........#.##
##...##..$##### ##########


You could see an ettin, an ice devil, a warg, an orc sorcerer, an orc wizard
(invisible) and an orc.

Vanquished Creatures
  Snorg (D:12)
  3 hydras
  6 death yaks (Lair:5)
  3 two-headed ogres
  Urug (Lair:5)
  2 orc high priests (Orc:2)
  Nergalle (Orc:1)
  The ghost of wolfsongas the Fighter, a novice GnWn of Gozag (D:7)
  2 orc knights (Orc:1)
  Pikel (D:5)
  A deep elf mage (D:12)
  2 manticores (D:11)
  A cyclops (Orc:1)
  5 black mambas
  12 elephants (Lair:3)
  6 spiny frogs
  The ghost of Umoon the Skirmisher, a novice GrMo of Ashenzari (D:4)
  2 rime drakes
  5 komodo dragons
  A troll (Orc:1)
  Prince Ribbit (D:7)
  11 blink frogs
  5 hippogriffs
  A dream sheep (Lair:4)
  A shadow (D:11)
  A wyvern (Lair:5)
  39 yaks
  3 basilisks
  2 wargs (Orc:2)
  3 soldier ants
  7 water moccasins
  4 nagas (Lair:3)
  Duvessa (D:4)
  2 ice beasts
  10 orc warriors
  7 porcupines
  4 sky beasts
  A phantom (D:4)
  A black bear (D:9)
  4 ogres
  7 wolves
  7 centaurs
  10 crocodiles
  6 big kobolds
  19 bullfrogs
  A gnoll sergeant (D:11)
  Dowan (D:4)
  2 scorpions
  20 killer bees
  5 wights (D:9)
  5 electric eels
  5 howler monkeys
  6 crimson imps
  A quasit (D:9)
  A centaur zombie (D:12)
  A bullfrog zombie (D:9)
  5 jellies
  6 hounds
  A gnoll shaman (D:6)
  6 orc priests
  2 bullfrog skeletons
  Crazy Yiuf (D:2)
  3 centaur skeletons
  3 iguanas
  Terence (D:2)
  6 worker ants
  10 orc wizards
  A killer bee zombie (D:8)
  2 hound zombies (D:7)
  A hound skeleton (D:8)
  2 worker ant zombies
  A howler monkey skeleton (D:9)
  9 gnolls
  9 adders
  A shadow imp (D:9)
  An adder skeleton (D:4)
  4 worms
  4 dart slugs
  3 leopard geckos
  58 orcs
  A ball python (D:2)
  4 giant cockroaches
  3 hobgoblins
  6 jackals
  3 quokkas (D:6)
  6 bats
  4 frilled lizards
  5 goblins
  A jackal skeleton (D:8)
  29 kobolds
  A leopard gecko skeleton (D:7)
  4 rats (D:1)
  16 plants (Lair:1)
485 creatures vanquished.

Vanquished Creatures (others)
  4 dream sheep (Lair:4)
  An adder skeleton (D:5)
  2 jackals (D:5)
  A fungus (Lair:3)
8 creatures vanquished.

Grand Total: 493 creatures vanquished

Notes
Turn   | Place    | Note
-------+----------+-------------------------------------------
     0 | D:1      | wolfsongas the Gnoll Wanderer began the quest for the Orb.
     0 | D:1      | wolfsongas set off with: a +2 hand crossbow, 21 bolts, a potion of lignification, a +0 ring mail, a ration
     0 | D:1      | Reached XP level 1. HP: 17/17 MP: 1/1
   144 | D:1      | Reached XP level 2. HP: 23/23 MP: 2/2
   356 | D:1      | Gained mutation: You are dopey. (Int -2) [potion of mutation]
   356 | D:1      | Gained mutation: You tend to lose your temper in combat. [potion of mutation]
   356 | D:1      | Gained mutation: You passively map a small area around you. [potion of mutation]
   356 | D:1      | Gained mutation: You have a pair of small horns on your head. [potion of mutation]
   723 | D:2      | Noticed Terence
   730 | D:2      | Killed Terence
   730 | D:2      | Reached skill level 1 in Invocations
   730 | D:2      | Reached XP level 3. HP: 15/28 MP: 4/4
   894 | D:2      | Reached skill level 1 in Short Blades
   894 | D:2      | Reached skill level 1 in Long Blades
   894 | D:2      | Reached skill level 1 in Axes
   894 | D:2      | Reached skill level 1 in Maces & Flails
   894 | D:2      | Reached skill level 1 in Polearms
   894 | D:2      | Reached skill level 1 in Staves
   894 | D:2      | Reached skill level 1 in Slings
   894 | D:2      | Reached skill level 1 in Bows
   894 | D:2      | Reached skill level 1 in Throwing
   894 | D:2      | Reached skill level 1 in Dodging
   894 | D:2      | Reached skill level 1 in Unarmed Combat
   894 | D:2      | Reached skill level 1 in Spellcasting
   894 | D:2      | Reached skill level 1 in Evocations
   894 | D:2      | Reached XP level 4. HP: 34/34 MP: 5/5
   909 | D:2      | Found a shadowy altar of Dithmenos.
  1191 | D:2      | Found a runed door.
  1276 | D:2      | Reached skill level 1 in Conjurations
  1276 | D:2      | Reached skill level 1 in Hexes
  1276 | D:2      | Reached skill level 1 in Charms
  1276 | D:2      | Reached skill level 1 in Summonings
  1276 | D:2      | Reached skill level 1 in Necromancy
  1276 | D:2      | Reached skill level 1 in Translocations
  1276 | D:2      | Reached skill level 1 in Transmutations
  1276 | D:2      | Reached skill level 1 in Fire Magic
  1276 | D:2      | Reached skill level 1 in Ice Magic
  1276 | D:2      | Reached skill level 1 in Air Magic
  1276 | D:2      | Reached skill level 1 in Earth Magic
  1276 | D:2      | Reached skill level 1 in Poison Magic
  1422 | D:2      | Reached XP level 5. HP: 40/40 MP: 6/6
  1670 | D:2      | Noticed Crazy Yiuf
  1673 | D:2      | Killed Crazy Yiuf
  1895 | D:3      | Found a shattered altar of Ashenzari.
  1899 | D:3      | Saw a vision of the Shoals and the Snake Pit.
  1899 | D:3      | Noticed a merfolk
  1899 | D:3      | Noticed a sea snake
  1899 | D:3      | Noticed a merfolk siren
  1899 | D:3      | Noticed a merfolk
  1899 | D:3      | Noticed a naga mage
  1899 | D:3      | Noticed a black mamba
  1899 | D:3      | Noticed a naga
  1899 | D:3      | Noticed a naga
  1899 | D:3      | Noticed a naga
  1899 | D:3      | Noticed a naga mage
  1899 | D:3      | Noticed a black mamba
  1899 | D:3      | Noticed an anaconda
  1899 | D:3      | Noticed a salamander
  1899 | D:3      | Noticed a mana viper
  1899 | D:3      | Noticed a black mamba
  1899 | D:3      | Noticed a mana viper
  1899 | D:3      | Noticed a naga ritualist
  1901 | D:3      | Noticed a sea snake
  1901 | D:3      | Noticed a naga warrior
  2647 | D:4      | Reached XP level 6. HP: 47/47 MP: 8/8
  3005 | D:4      | Noticed Umoon's ghost (novice GrMo)
  3019 | D:4      | Killed Umoon's ghost
  3019 | D:4      | Reached XP level 7. HP: 49/52 MP: 10/10
  3254 | D:4      | Noticed Duvessa
  3254 | D:4      | Noticed Dowan
  3263 | D:4      | Killed Duvessa
  3267 | D:4      | Killed Dowan
  3267 | D:4      | Reached skill level 9 in Crossbows
  3483 | D:5      | Entered Level 5 of the Dungeon
  3491 | D:5      | Reached XP level 8. HP: 56/60 MP: 12/12
  3548 | D:5      | Noticed Pikel
  3555 | D:5      | Killed Pikel
  3673 | D:5      | Found a staircase to the Ecumenical Temple.
  3706 | Temple   | Entered the Ecumenical Temple
  3811 | Temple   | Became a worshipper of Gozag Ym Sagoz the Greedy
  4572 | D:6      | Got an encrusted rapier
  4573 | D:6      | Identified the +2 rapier "Zigalan" {holy, MP+9 Int+3 Dex+3} (You found it on level 6 of the Dungeon)
  4576 | D:6      | Found Aplit's Antique Armour Emporium.
  4767 | D:6      | Found a hazy altar of Hepliaklqana.
  4962 | D:7      | Reached XP level 9. HP: 66/66 MP: 14/14
  5032 | D:7      | Noticed wolfsongas's ghost (novice GnWn)
  5075 | D:7      | Killed wolfsongas's ghost
  5075 | D:7      | Reached skill level 5 in Fighting
  5075 | D:7      | Reached skill level 5 in Shields
  5411 | D:7      | Reached skill level 5 in Stealth
  5733 | D:7      | Noticed Prince Ribbit
  5993 | D:7      | Killed Prince Ribbit
  5993 | D:7      | Reached skill level 5 in Invocations
  6181 | D:8      | Noticed a two-headed ogre
  6195 | D:8      | Killed a two-headed ogre
  6195 | D:8      | Reached XP level 10. HP: 61/75 MP: 17/17
  6301 | D:8      | Reached skill level 5 in Short Blades
  6301 | D:8      | Reached skill level 5 in Long Blades
  6301 | D:8      | Reached skill level 5 in Axes
  6301 | D:8      | Reached skill level 5 in Maces & Flails
  6301 | D:8      | Reached skill level 5 in Polearms
  6301 | D:8      | Reached skill level 5 in Staves
  6301 | D:8      | Reached skill level 5 in Slings
  6301 | D:8      | Reached skill level 5 in Bows
  6301 | D:8      | Reached skill level 5 in Throwing
  6301 | D:8      | Reached skill level 5 in Dodging
  6301 | D:8      | Reached skill level 5 in Unarmed Combat
  6301 | D:8      | Reached skill level 5 in Spellcasting
  6301 | D:8      | Reached skill level 5 in Evocations
  6942 | D:9      | Reached skill level 10 in Crossbows
  7226 | D:9      | Found a staircase to the Lair.
  7248 | D:9      | Noticed a two-headed ogre
  7286 | D:9      | Killed a two-headed ogre
  7343 | D:9      | Reached XP level 11. HP: 54/82 MP: 19/19
  8191 | D:10     | Entered Level 10 of the Dungeon
  8229 | D:10     | Found Uvoug's Armour Boutique.
  8263 | D:10     | Reached skill level 5 in Conjurations
  8263 | D:10     | Reached skill level 5 in Hexes
  8263 | D:10     | Reached skill level 5 in Charms
  8263 | D:10     | Reached skill level 5 in Summonings
  8263 | D:10     | Reached skill level 5 in Necromancy
  8263 | D:10     | Reached skill level 5 in Translocations
  8263 | D:10     | Reached skill level 5 in Transmutations
  8263 | D:10     | Reached skill level 5 in Fire Magic
  8263 | D:10     | Reached skill level 5 in Ice Magic
  8263 | D:10     | Reached skill level 5 in Air Magic
  8263 | D:10     | Reached skill level 5 in Earth Magic
  8263 | D:10     | Reached skill level 5 in Poison Magic
  8745 | D:10     | Noticed a two-headed ogre
  8757 | D:10     | Killed a two-headed ogre
  9250 | D:10     | Found a staircase to the Orcish Mines.
  9637 | D:11     | Noticed a manticore
  9643 | D:11     | Killed a manticore
  9751 | D:11     | Noticed a manticore
  9766 | D:11     | Killed a manticore
 10002 | D:11     | Found Qicwa's Antique Weapon Emporium.
 10405 | D:12     | Noticed a deep elf mage
 10776 | D:12     | Killed a deep elf mage
 10776 | D:12     | Reached XP level 12. HP: 91/91 MP: 22/22
 11234 | D:13     | Noticed Snorg
 11243 | D:12     | Killed Snorg
 11324 | Lair:1   | Entered Level 1 of the Lair of Beasts
 12691 | Lair:1   | Reached skill level 11 in Crossbows
 14348 | Lair:2   | Noticed a seven-headed hydra
 14356 | Lair:2   | Reached skill level 10 in Armour
 14369 | Lair:2   | Killed a seven-headed hydra
 15003 | Lair:3   | Lost mutation: You are dopey. (Int -2) [potion of mutation]
 15003 | Lair:3   | Lost mutation: You have a pair of small horns on your head. [potion of mutation]
 15003 | Lair:3   | Gained mutation: You are weak. (Str -2) [potion of mutation]
 15003 | Lair:3   | Gained mutation: You have a pair of small horns on your head. [potion of mutation]
 15003 | Lair:3   | Gained mutation: You are partially covered in slimy green scales. (AC +2) [potion of mutation]
 15003 | Lair:3   | Gained mutation: You have extremely sharp teeth. [potion of mutation]
 15042 | Lair:3   | Noticed a six-headed hydra
 15049 | Lair:3   | Killed a six-headed hydra
 15049 | Lair:3   | Reached XP level 13. HP: 98/98 MP: 24/24
 15596 | Lair:3   | Found a staircase to the Shoals.
 16109 | Lair:3   | Found a staircase to the Snake Pit.
 16109 | Lair:3   | Identified the Grimoire of Confrontation
 16782 | Lair:4   | Found a shimmering altar of Xom.
 17576 | Lair:5   | Found a staircase to the Slime Pits.
 17674 | Lair:5   | Reached XP level 14. HP: 75/108 MP: 26/26
 17945 | Lair:5   | Noticed Urug
 17959 | Lair:5   | Killed Urug
 18491 | Lair:6   | Entered Level 6 of the Lair of Beasts
 18652 | Orc:1    | Entered Level 1 of the Orcish Mines
 18658 | Orc:2    | Entered Level 2 of the Orcish Mines
 18955 | Orc:1    | Noticed Nergalle
 18965 | Orc:1    | Killed Nergalle
 18965 | Orc:1    | Reached skill level 12 in Crossbows
 19524 | Orc:1    | Upgraded the game from 0.22-a0-246-gdc04c06 to 0.22-a0-247-gbddf880
 20064 | Orc:1    | Paralysed by an orc sorcerer for 7 turns
 20070 | Orc:1    | Killed from afar by an orc sorcerer

Vault maps used:
D:1:      nagdon_arrival_double_spiral, minmay_crystal_water
D:2:      serial_bayou_lagoon_a, grunt_dithmenos_smoke, uniq_crazy_yiuf_cottage,
          uniq_terence
D:3:      first_ration, grunt_ashenzari_visionary
D:4:      st_stairs_6, uniq_duvessa
D:5:      minmay_temple_entry_crystal_x, solitary_fountain, uniq_pikel
D:6:      marbit_many_paths, serial_shops, shop_coins
D:7:      uniq_prince_ribbit1
D:9:      lair_entry_dummy, hangedman_pestilent_swarm, serial_bayou_pond_e
D:10:     orc_0_dummy, serial_shops, shop
D:11:     serial_shops, shop_statue
D:13:     hangedman_vaults_entry_quadrant_bands, corexii_leaking_fountain,
          minmay_misc_feat_doors, uniq_snorg, uniq_frances
Temple:   kilobyte_greek_temple
Lair:1:   wad_woods_structure_01, serial_bayou, serial_bayou_crossing,
          serial_bayou_pond_a, serial_bayou_lagoon_b, serial_bayou_pond_c,
          serial_bayou_pond_c
Lair:2:   grunt_megastairs_1
Lair:3:   elwin_shoals_entry_rocks, minmay_snake_entry_guardpost_medium,
          grunt_megastairs_5
Lair:4:   small_statue_intersection, fungi_pond_lemuel, kb_xom_exploding_sheep
Lair:5:   minmay_slime_entry_pillars, uniq_urug
Lair:6:   minmay_lair_end_enchanted_forest
Orc:1:    nicolae_orc_tapped_out, uniq_nergalle
Orc:2:    st_orc_town, serial_shops, nicolae_shop_waterfront,
          bh_open_orc_temple, uniq_sonja

Skill      XL: |  1  2  3  4  5  6  7  8  9 10 11 12 13 14 |
---------------+-------------------------------------------+-----
Invocations    | 1 2 3 4 5 6 7 8 9 |  9.8
Short Blades   | 1 2 3 4 5 6 7 8 9 |  9.0
Long Blades    | 1 2 3 4 5 6 7 8 9 |  9.0
Axes           | 1 2 3 4 5 6 7 8 9 |  9.0
Maces & Flails | 1 2 3 4 5 6 7 8 9 |  9.0
Polearms       | 1 2 3 4 5 6 7 8 9 |  9.0
Staves         | 1 2 3 4 5 6 7 8 9 |  9.0
Slings         | 1 2 3 4 5 6 7 8 9 |  9.0
Bows           | 1 2 3 4 5 6 7 8 9 |  9.0
Throwing       | 1 2 3 4 5 6 7 8 9 |  9.0
Dodging        | 1 2 3 4 5 6 7 8 9 |  9.0
Unarmed Combat | 1 2 3 4 5 6 7 8 9 |  9.0
Spellcasting   | 1 2 3 4 5 6 7 8 9 |  9.0
Evocations     | 1 2 3 4 5 6 7 8 9 |  9.0
Conjurations   | 1 2 3 4 5 6 7 |  7.5
Hexes          | 1 2 3 4 5 6 7 |  7.5
Charms         | 1 2 3 4 5 6 7 |  7.5
Summonings     | 1 2 3 4 5 6 7 |  7.5
Necromancy     | 1 2 3 4 5 6 7 |  7.5
Translocations | 1 2 3 4 5 6 7 |  7.5
Transmutations | 1 2 3 4 5 6 7 |  7.5
Fire Magic     | 1 2 3 4 5 6 7 |  7.5
Ice Magic      | 1 2 3 4 5 6 7 |  7.5
Air Magic      | 1 2 3 4 5 6 7 |  7.5
Earth Magic    | 1 2 3 4 5 6 7 |  7.5
Poison Magic   | 1 2 3 4 5 6 7 |  7.5
Fighting       | 3 4 5 6 7 8 9 |  9.3
Shields        | 3 4 5 6 7 8 9 |  9.3
Stealth        | 3 4 5 6 7 8 9 |  9.3
Armour         | 7 8 9 10 11 | 11.0
Crossbows      | 9 10 11 12 | 12.0

Action                   |  1- 3 |  4- 6 |  7- 9 | 10-12 | 13-15 || total
-------------------------+-------+-------+-------+-------+-------++-------
Melee: Rapier            |       |       |    56 |       |       ||    56
       Headbutt          |       |       |     8 |   232 |   114 ||   354
       Bite              |       |       |     7 |   143 |    71 ||   221
       Demon trident     |       |       |       |  1001 |   495 ||  1496
 Fire: Hand crossbow     |    46 |   128 |   229 |    22 |       ||   425
Invok: Potion Petition   |       |       |       |     2 |     2 ||     4
Evoke: Wand              |       |       |       |     7 |     2 ||     9
  Use: Scroll            |     6 |     4 |     4 |    15 |     6 ||    35
       Potion            |     3 |     3 |     4 |     8 |     5 ||    23
 Stab: Sleeping          |       |       |     2 |    16 |     6 ||    24
       Distracted        |       |       |       |     6 |     5 ||    11
       Invisible         |       |       |       |     4 |    20 ||    24
  Eat: Chunk             |       |     3 |       |       |       ||     3
       Ration            |       |     1 |     3 |     9 |     6 ||    19
Armor: Ring mail         |     1 |    29 |    59 |   194 |       ||   283
       Skin              |       |       |       |    73 |       ||    73
       Scale mail        |       |       |       |    45 |   122 ||   167
Dodge: Dodged            |     6 |    20 |    68 |   342 |   208 ||   644
Block: Shield            |       |       |       |   434 |   226 ||   660

Table legend:
 A = Spawn XP
 B = Non-spawn XP
 C = Spawn XP percentage of total XP
 D = Spawn monster count
 E = Non-spawn monster count
 F = Spawn count percentage of total count
 G = Total turns spent on level
                    A         B        C        D         E        F      G
               +---------+---------+-------+---------+---------+-------+---------
         Total |       0 |   64655 |   0.0 |       0 |     469 |   0.0 | 20070
               +---------+---------+-------+---------+---------+-------+---------
           D:1 |       0 |      31 |   0.0 |       0 |      19 |   0.0 |   726
           D:2 |       0 |     211 |   0.0 |       0 |      24 |   0.0 |  1059
           D:3 |       0 |      22 |   0.0 |       0 |      10 |   0.0 |   567
           D:4 |       0 |     916 |   0.0 |       0 |      20 |   0.0 |  1131
           D:5 |       0 |     891 |   0.0 |       0 |      18 |   0.0 |   806
           D:6 |       0 |     228 |   0.0 |       0 |      11 |   0.0 |   530
           D:7 |       0 |    1816 |   0.0 |       0 |      16 |   0.0 |  1112
           D:8 |       0 |    1810 |   0.0 |       0 |      26 |   0.0 |   806
           D:9 |       0 |    5203 |   0.0 |       0 |      54 |   0.0 |  2054
          D:10 |       0 |    3806 |   0.0 |       0 |      43 |   0.0 |  1457
          D:11 |       0 |    2357 |   0.0 |       0 |      24 |   0.0 |   750
          D:12 |       0 |    3405 |   0.0 |       0 |      23 |   0.0 |   899
        Lair:1 |       0 |    4197 |   0.0 |       0 |      27 |   0.0 |  1798
        Lair:2 |       0 |    6426 |   0.0 |       0 |      25 |   0.0 |  1217
        Lair:3 |       0 |   11082 |   0.0 |       0 |      36 |   0.0 |  1570
        Lair:4 |       0 |    3348 |   0.0 |       0 |      14 |   0.0 |  1002
        Lair:5 |       0 |   12544 |   0.0 |       0 |      34 |   0.0 |  1004
         Orc:1 |       0 |    4125 |   0.0 |       0 |      32 |   0.0 |   948
         Orc:2 |       0 |    2237 |   0.0 |       0 |      13 |   0.0 |   470
               +---------+---------+-------+---------+---------+-------+---------
